 Dungeon Crawl Stone Soup version 0.29-a0-8-g0446c0dae4 (webtiles) character file.

Game seed: 9998648873963551025

2555 HallandMoats the Ruffian (level 9, -5/81 HPs)
             Began as a Ghoul Monk on Jan 27, 2022.
             Was an Elder of Okawaru.
             Slain by an orc warrior (18 damage)
             ... on level 6 of the Dungeon.
             The game lasted 00:11:47 (8566 turns).

HallandMoats the Ruffian (Ghoul Monk)               Turns: 8566, Time: 00:11:47

Health: -5/81      AC: 11    Str: 17    XL:     9   Next: 56%
Magic:  10/12      EV: 13    Int:  5    God:    Okawaru [****..]
Gold:   511        SH:  0    Dex: 13    Spells: 8/8 levels left

rFire   . . .      SeeInvis .     - Unarmed
rCold   + + .      Faith    .   (no shield)
rNeg    + + +      Spirit   .   f - +0 scale mail
rPois   ∞          Reflect  .   h - +0 helmet
rElec   .          Harm     .   (no cloak)
rCorr   .          Rampage  .   (no gloves)
Will    +....                   k - +0 pair of boots
Stlth   ++........              i - amulet of the acrobat
HPRegen 0.00/turn               a - ring of protection from cold
MPRegen 0.13/turn               u - ring of willpower

@: heroic, inhibited regen
A: claws 1, cold resistance 1, negative energy resistance 3, inhibited
regeneration, torment resistance 2
a: Renounce Religion, Heroism, Finesse


You were on level 6 of the Dungeon.
You worshipped Okawaru.
Okawaru was greatly pleased with you.
You visited 2 branches of the dungeon, and saw 8 of its levels.
You also visited: Sewer.

You collected 511 gold pieces.

Inventory:

Armour
 f - a +0 scale mail (worn)
 h - a +0 helmet (worn)
 k - a +0 pair of boots (worn)
Jewellery
 a - a ring of protection from cold (left claw)
 i - an amulet of the acrobat (around neck)
 u - a ring of willpower (right claw)
Wands
 b - a wand of polymorph (11)
 x - a wand of iceblast (18)
 y - a wand of digging (5)
 C - a wand of flame (18)
Scrolls
 d - 2 scrolls of blinking {unknown}
 j - 2 scrolls of torment {unknown}
 l - 3 scrolls of teleportation {unknown}
 m - a scroll of enchant armour {unknown}
 n - a scroll of magic mapping {unknown}
 o - 2 scrolls of immolation {unknown}
 r - 2 scrolls of amnesia {unknown}
 s - a scroll of enchant weapon {unknown}
 t - a scroll of summoning {unknown}
 z - a scroll of fear {unknown}
 D - 3 scrolls of identify
Potions
 c - 3 potions of brilliance
 e - a potion of curing
 g - a potion of mutation {unknown}
 p - 2 potions of haste {unknown}
 q - a potion of magic {unknown}
 v - a potion of flight {unknown}
 w - 3 potions of heal wounds {unknown}
 A - a potion of degeneration {unknown}
 B - a potion of might {unknown}


   Skills:
 * Level 7.9(12.9) Fighting
 + Level 3.9(8.9) Armour
 + Level 4.9(9.9) Dodging
 - Level 2.1(7.1) Stealth
 * Level 7.9(12.9) Unarmed Combat
 * Level 6.2 Invocations


You had 8 spell levels left.
You didn't know any spells.
Your spell library contained the following spells:

 Spells                   Type           Power      Damage    Failure   Level
 Passage of Golubria      Tloc           0%         N/A       100%        4
 Yara's Violent Unravell  Hex/Tmut       0%         3d3       100%        5
 Tukima's Dance           Hex            Unusable   N/A       N/A         3

Dungeon Overview and Level Annotations

Branches:
Dungeon (7/15)             Temple (1/1) D:4           Sewer (visited)

Altars:
Ashenzari
Cheibriados
Dithmenos
Elyvilon
Fedhas
Gozag
Hepliaklqana
Kikubaaqudgha
Makhleb
Nemelex Xobeh
Okawaru
Qazlal
Ru
Sif Muna
Trog
Vehumet
Wu Jian
Xom
Yredelemnul
Zin
The Shining One

Shops:
D:4 [

Annotations:
D:3 3 runed translucent doors, Hubris850's ghost, amateur MfTm
D:4 3 runed translucent doors, exclusion: oklob sapling, fragbeetle's ghost, weakling HOCA


Innate Abilities, Weirdness & Mutations

You thrive by killing the living.
You are immune to poison.
You have sharp fingernails.
Your flesh is cold resistant. (rC+)
You are immune to negative energy. (rN+++)
You do not regenerate when monsters are visible.
You are immune to unholy pain and torment.


Message History

The orc priest casts a cantrip, but nothing happens.
There is a stone staircase leading up here.
The orc warrior misses you.
The orc priest looks braver for a moment.
There is a stone staircase leading up here.
The orc warrior hits you with a +0 halberd!
You climb upwards.
There is a stone staircase leading down here.
You closely miss the orc warrior.
The orc warrior hits you with a +0 halberd!
You claw the orc warrior!
The orc warrior is moderately wounded.
The orc warrior hits you with a +0 halberd!
You claw the orc warrior!
The orc warrior is severely wounded.
The orc warrior hits you but does no damage.
You scratch the orc warrior but do no damage.
The orc warrior is severely wounded.
The orc warrior hits you with a +0 halberd!
You scratch the orc warrior but do no damage.
The orc warrior is severely wounded.
You scratch the orc warrior but do no damage.
The orc warrior is severely wounded.
The orc warrior hits you with a +0 halberd!
* * * LOW HITPOINT WARNING * * *
You barely miss the orc warrior.
The orc warrior is severely wounded.
The orc warrior hits you with a +0 halberd!
* * * LOW HITPOINT WARNING * * *
You feel better. The orc warrior barely misses you.
You gain the combat prowess of a mighty hero.
The orc warrior closely misses you.
You scratch the orc warrior but do no damage.
Your claw misses the orc warrior.
The orc warrior is severely wounded.
The orc warrior barely misses you.
You barely miss the orc warrior.
The orc warrior is severely wounded.
The orc warrior hits you with a +0 halberd!!
You die...

##.......##..##.#
#.......'......###########
#.......#...........†.....
#.#.........###########.##
#.....###.###....# #.#
###.#.# #.# #.##.# #.#
#.#.###.# #.##.#### #.#
#[...##.###.##....# #.#
#.#....@......###.# #.#
#.#####o#####..##)# #.#
#.......# ##.##.###'##
######### #.##.......
#.##....... #.##.......
#..........
################
###.##......
#.......##.....#
#....#......


You could see an orc warrior.

Vanquished Creatures
  Sigmund (D:4)
  3 ice beasts
  3 sky beasts
  Pargi (Sewer)
  2 black bears
  A necrophage (D:6)
  An ogre (D:6)
  A phantom (D:6)
  2 centaurs
  2 bullfrogs
  4 scorpions
  A wight (D:4)
  A howler monkey (D:5)
  A bullfrog zombie (D:5)
  3 hounds
  2 jellies
  An orc priest (D:5)
  5 iguanas
  Ijyb (D:5)
  3 orc wizards
  A howler monkey skeleton (D:7)
  6 gnolls (D:6)
  10 adders
  2 adder skeletons
  A worm (D:2)
  2 dart slugs
  23 orcs
  8 bats
  7 endoplasms
  9 giant cockroaches
  3 hobgoblins
  5 jackals
  8 kobolds
  6 quokkas
  10 ball pythons
  2 frilled lizards (D:2)
  10 goblins
  4 rats
156 creatures vanquished.

Vanquished Creatures (others)
  10 plants (D:4)
10 creatures vanquished.

Grand Total: 166 creatures vanquished

Notes
Turn   | Place    | Note
-------+----------+-------------------------------------------
     0 | D:1      | HallandMoats the Ghoul Monk began the quest for the Orb.
     0 | D:1      | Reached XP level 1. HP: 19/19 MP: 0/0
   578 | D:1      | Reached XP level 2. HP: 24/26 MP: 1/1
   877 | D:2      | Found an ancient bone altar of Kikubaaqudgha.
   900 | D:2      | Reached XP level 3. HP: 15/33 MP: 2/2
  1375 | D:2      | Reached skill level 1 in Armour
  1615 | D:2      | Reached XP level 4. HP: 40/40 MP: 3/3
  1940 | D:3      | Found a faded altar of an unknown god.
  2402 | D:3      | Reached XP level 5. HP: 19/47 MP: 4/4
  2616 | D:3      | Found a runed translucent gate.
  2616 | D:3      | Found a runed translucent gate.
  2616 | D:3      | Found a runed translucent gate.
  2624 | D:3      | Noticed Hubris850's ghost (amateur MfTm)
  2888 | D:4      | Found a staircase to the Ecumenical Temple.
  2912 | Temple   | Entered the Ecumenical Temple
  3456 | Temple   | Became a worshipper of Warmaster Okawaru
  3456 | Temple   | Reached * piety under Okawaru
  3456 | Temple   | Reached ** piety under Okawaru
  3834 | D:4      | Found a runed translucent gate.
  3836 | D:4      | Found a runed translucent gate.
  3836 | D:4      | Found an opulent altar of Gozag.
  3837 | D:4      | Found a runed translucent gate.
  3841 | D:4      | Noticed fragbeetle's ghost (weakling HOCA)
  4030 | D:4      | Found Fuekiv's Armour Emporium.
  4032 | D:4      | Noticed a black bear
  4043 | D:4      | Killed a black bear
  4044 | D:4      | Reached skill level 5 in Unarmed Combat
  4044 | D:4      | Reached skill level 1 in Invocations
  4044 | D:4      | Reached XP level 6. HP: 35/55 MP: 4/6
  4203 | D:4      | Reached skill level 5 in Fighting
  4291 | D:4      | Noticed an orc warrior
  4489 | D:4      | Noticed Sigmund
  4507 | D:4      | Killed Sigmund
  4508 | D:4      | Reached XP level 7. HP: 26/61 MP: 4/7
  4749 | D:4      | Found a sparkling altar of Nemelex Xobeh.
  4966 | D:5      | Entered Level 5 of the Dungeon
  5000 | D:5      | Reached *** piety under Okawaru
  5059 | D:5      | Found a glowing drain.
  5083 | Sewer    | Entered a sewer
  5086 | Sewer    | Noticed Pargi
  5099 | Sewer    | Killed Pargi
  5511 | D:5      | HP: 3/62 [centaur/arrow (11)]
  5525 | D:5      | Reached XP level 8. HP: 28/70 MP: 6/9
  6422 | D:5      | Noticed Ijyb
  6434 | D:5      | Killed Ijyb
  6889 | D:6      | Reached skill level 5 in Invocations
  6977 | D:6      | Reached **** piety under Okawaru
  7091 | D:6      | Reached XP level 9. HP: 72/79 MP: 11/11
  8562 | D:6      | HP: 2/81 [orc warrior (11)]
  8566 | D:6      | Slain by an orc warrior

Illustrated notes

Levels and vault maps discovered:
D:1:      amcnicky_arrival_double_pillar, layout_basic
D:2:      layout_loops_ring, basic_altar
D:3:      layout_basic, chequers_ecumenical_altar_simple,
          gammafunk_ghost_necromancy, grunt_decor_one_mirror
D:4:      layout_rooms, kennysheep_little_box, minmay_temple_entry_oklob,
          serial_shops, shop, ebering_ghost_gozag, nzn_random_ring, uniq_sigmund
D:5:      layout_basic, gup_sewer_entry_pipe, minmay_fractal_squares_5,
          uniq_ijyb
D:6:      layout_basic, minmay_misc_feat_encased
D:7:      layout_loops_cross
Temple:   mainiacjoe_temple_cubbyholes

Skill      XL: |  1  2  3  4  5  6  7  8  9 |
---------------+----------------------------+-----
Unarmed Combat | 4 5 6 7 |  7.9
Armour         | 1 2 3 |  3.9
Dodging        | 3 4 |  4.9
Fighting       | 4 5 6 7 |  7.9
Invocations    | 1 2 3 5 6 |  6.2
Stealth        | |  2.1

Action                   |  1- 3 |  4- 6 |  7- 9 || total
-------------------------+-------+-------+-------++-------
Melee: Unarmed           |   107 |   170 |   382 ||   659
       Punch             |     3 |     4 |    20 ||    27
Invok: Heroism           |       |     2 |     2 ||     4
  Use: Scroll            |       |     2 |       ||     2
       Potion            |       |       |     4 ||     4
 Stab: Sleeping          |     1 |       |     1 ||     2
Armor: Scale mail        |    53 |    72 |   168 ||   293
Dodge: Dodged            |    50 |   108 |   204 ||   362

Table legend: (Time is in decaauts)
 A = Elapsed time spent in this place.
 B = Non-inter-level travel time spent in this place.
 C = Inter-level travel time spent in this place.
 D = Time resting spent in this place.
 E = Time spent auto-exploring this place.
 F = Levels seen in this place.
 G = Mean time per level.
                   A        B        C        D        E       F      G
               +--------+--------+--------+--------+--------+-----+--------+
         Total |   8503 |   8227 |    276 |    449 |   6271 |   9 |  944.8 |
       Dungeon |   7673 |   7462 |    211 |    251 |   5817 |   7 | 1096.1 |
        Temple |    569 |    504 |     65 |    198 |    296 |   1 |  569.0 |
         Sewer |    260 |    260 |      0 |      0 |    158 |   1 |  260.0 |
               +--------+--------+--------+--------+--------+-----+--------+

Top non-repeatable levels by time:
     D:5: 1619 daAuts
     D:4: 1499 daAuts
     D:3: 1112 daAuts
     D:6: 959 daAuts
     D:2: 907 daAuts
     D:1: 853 daAuts
     D:7: 722 daAuts
  Temple: 569 daAuts
   Sewer: 260 daAuts
